 Dungeon Crawl Stone Soup version 0.31-a0-38-g1548c4f2a5 (webtiles) character file.

Game seed: 2413393672602183810

191 lunkers the Gusty (level 6, -3/45 HPs)
             Began as a Meteoran Air Elementalist on May 16, 2023.
             Was an Initiate of Vehumet.
             Slain by a river rat (6 damage)
             ... in a sewer.
             The game lasted 00:07:19 (1499 turns).

lunkers the Gusty (Meteoran Air Elementalist)       Turns: 1499, Time: 00:07:20

Health: -3/45      AC:  4    Str: 10    XL:     6   Next: 22%
Magic:  4/13       EV: 12    Int: 18    God:    Vehumet [......]
Gold:   110        SH:  0    Dex: 15    Spells: 4/14 levels left

rFire   . . .        (no weapon)
rCold   . . .        (no shield)
rNeg    . . .        a - +0 robe
rPois   .            (no helmet)
rElec   .            c - +0 cloak
rCorr   .            j - +0 pair of gloves
SInv    .            (no boots)
Will    .....        (no amulet)
Stlth   +            (no ring)
HPRegen 0.27/turn    (no ring)
MPRegen 0.13/turn

%: no passive effects
@: lethally poisoned (-3 -> -20), very slightly contaminated, glowing
A: sense surroundings 1, otherworldly, glowing, explore regen
a: Renounce Religion


You were in a sewer.
You worshipped Vehumet.
Vehumet was noncommittal.
You visited 2 branches of the dungeon, and saw 5 of its levels.
You also visited: Sewer.

You collected 110 gold pieces.

Inventory:

Armour
 a - a +0 robe (worn)
 c - a +0 cloak (worn)
 j - a +0 pair of gloves (worn)
Wands
 e - a wand of quicksilver (4)
Scrolls
 d - a scroll of teleportation
 f - a scroll of silence {unknown}
 k - a scroll of vulnerability {unknown}
Potions
 b - 2 potions of magic
 g - 2 potions of ambrosia
 h - a potion of flight {unknown}
 i - a potion of curing {unknown}


   Skills:
 - Level 2.4 Dodging
 - Level 1.4 Stealth
 + Level 4.5 Spellcasting
 - Level 1.2 Conjurations
 * Level 6.4 Air Magic


You had 4 spell levels left.
You knew the following spells:

 Your Spells              Type           Power      Damage    Failure   Level
a - Shock                 Conj/Air       68%        1d7       3%          1
b - Static Discharge      Conj/Air       34%        2-4/arc   4%          2
c - Swiftness             Air            27%        N/A       3%          3
d - Airstrike             Air            13%        2d(2-18)  10%         4

Your spell library contained the following spells:

 Spells                   Type           Power      Damage    Failure   Level


Dungeon Overview and Level Annotations

Branches:
Dungeon (4/15) Zot: 1053   Temple (1/1) D:4 Zot: 508   Sewer (1/1) Zot: 490

Altars:
Dithmenos
Elyvilon
Fedhas
Hepliaklqana
Okawaru
Qazlal
Sif Muna
Trog
Uskayaw
Vehumet


Innate Abilities, Weirdness & Mutations

You passively map a small area around you.
You are easily found by Zot.
You glow in the dark.
You regain HP and MP as you explore.


Message History

The river rat completely misses you. The adder bites you.
* * * LOW HITPOINT WARNING * * *
You are more poisoned.
The adder poisons you! The adder closely misses you.
The adder bites you but does no damage.
Casting: Static Discharge (safe; 4% risk of failure)
Confirm with . or Enter, or press ? or * to list all spells.
The river rat is struck by an arc of lightning.
The river rat is heavily wounded.
You are struck by an arc of lightning.
* * * LOW HITPOINT WARNING * * *
The adder is struck by an arc of lightning.
The adder is severely wounded.
The lightning grounds out.
* * * LOW HITPOINT WARNING * * *
You feel very sick. The adder barely misses you. The adder bites you.
* * * LOW HITPOINT WARNING * * *
You are lethally poisoned!
The adder poisons you! The river rat bites you!
* * * LOW HITPOINT WARNING * * *
The adder bites you but does no damage. x2; The ball python bites you.
* * * LOW HITPOINT WARNING * * *
The ball python barely misses you. The adder bites you but does no damage.
The adder bites you.
* * * LOW HITPOINT WARNING * * *
Casting: Static Discharge (safe; 4% risk of failure)
Confirm with . or Enter, or press ? or * to list all spells.
The adder is struck by an arc of lightning.
The adder is almost dead.
The ball python is struck by an arc of lightning.
The ball python is heavily wounded.
The river rat is struck by an arc of lightning.
The river rat is almost dead.
The lightning grounds out.
* * * LOW HITPOINT WARNING * * *
You feel very sick. The adder bites you but does no damage.
The adder barely misses you. The river rat bites you.
You die...

*##
,..#####
.......##
###### ,
........##
##....## ,
, ,
#.....SS#
#......# *
*#....r@##
#..∩∩..#
*##...SSS#
#......#
#.~†~~.#
#.~~~~## *
**
#≈≈≈†~≈#
#≈~~~≈~#
#≈≈~~≈≈#
#≈≈~~≈≈#
#≈~~~≈≈#
#≈≈~~≈≈#
#≈~~≈≈≈#
#≈≈~≈≈≈#
#≈≈~~≈≈#
#≈≈~≈≈≈# *
#~~≈≈≈≈#
#≈~~≈~≈#


You could see 4 adders, a river rat and a ball python.

Vanquished Creatures
  A scorpion (D:4)
  5 adders
  2 river rats
  4 worms
  A dart slug (D:2)
  2 orcs
  3 ball pythons
  3 bats
  3 endoplasms
  3 giant cockroaches
  5 goblins
  6 hobgoblins
  3 kobolds
  A frilled lizard (D:1)
  15 rats
57 creatures vanquished.

Notes
Turn   | Place    | Note
-------+----------+-------------------------------------------
     0 | D:1      | lunkers the Meteoran Air Elementalist began the quest for
                  | the Orb.
     0 | D:1      | Reached XP level 1. HP: 14/14 MP: 5/5
   105 | D:1      | Reached XP level 2. HP: 20/20 MP: 2/6
   127 | D:1      | Reached skill level 4 in Air Magic
   319 | D:2      | Reached XP level 3. HP: 26/26 MP: 1/8
   915 | D:3      | Reached XP level 4. HP: 29/33 MP: 1/10
   969 | D:3      | Learned a level 3 spell: Swiftness
   972 | D:3      | Learned a level 2 spell: Static Discharge
   998 | D:3      | Reached skill level 5 in Air Magic
  1099 | D:4      | Found a staircase to the Ecumenical Temple.
  1111 | Temple   | Entered the Ecumenical Temple
  1194 | Temple   | Became a worshipper of Vehumet
  1293 | D:4      | Noticed a scorpion
  1299 | D:4      | Killed a scorpion
  1300 | D:4      | Reached XP level 5. HP: 25/38 MP: 5/12
  1305 | D:4      | Learned a level 4 spell: Airstrike
  1342 | D:4      | Reached skill level 6 in Air Magic
  1401 | D:4      | Reached XP level 6. HP: 19/45 MP: 0/13
  1406 | D:4      | Found a glowing drain.
  1413 | Sewer    | Entered a sewer
  1499 | Sewer    | Slain by a river rat

Illustrated notes

Levels and vault maps discovered:
D:1:      nicolae_arrival_washed_ashore, layout_basic
D:2:      layout_loops_ring, glass_columns_b
D:3:      layout_loops_corners, kennysheep_generic_room_3
D:4:      layout_gridville, minmay_temple_entry_ruins, lightli_sewer_entry_pipes
Temple:   eino_temple_lava
Sewer:    sewer_minmay_w

Skill      XL: |  1  2  3  4  5 |
---------------+----------------+-----
Air Magic      | 4 5 6 |  6.4
Spellcasting   | 3 4 |  4.5
Dodging        | |  2.4
Stealth        | |  1.4
Conjurations   | |  1.2

Action                     |  1- 3 |  4- 6 || total
---------------------------+-------+-------++-------
  Melee: Unarmed           |       |    18 ||    18
   Cast: Shock             |    67 |    55 ||   122
         Static Discharge  |       |     8 ||     8
         Swiftness         |       |     1 ||     1
    Use: Scroll            |     4 |       ||     4
 Armour: Robe              |     3 |    21 ||    24
  Dodge: Dodged            |     8 |    49 ||    57

Table legend: (Time is in decaauts)
 A = Elapsed time spent in this place.
 B = Non-inter-level travel time spent in this place.
 C = Inter-level travel time spent in this place.
 D = Time resting spent in this place.
 E = Time spent auto-exploring this place.
 F = Levels seen in this place.
 G = Mean time per level.
                   A        B        C        D        E       F      G
               +--------+--------+--------+--------+--------+-----+--------+
         Total |   1546 |   1442 |    104 |      0 |    975 |   6 |  257.7 |
       Dungeon |   1346 |   1255 |     91 |      0 |    894 |   4 |  336.5 |
        Temple |     91 |     78 |     13 |      0 |     65 |   1 |   91.0 |
         Sewer |    108 |    108 |      0 |      0 |     16 |   1 |  108.0 |
               +--------+--------+--------+--------+--------+-----+--------+

Top non-repeatable levels by time:
     D:3: 497 daAuts
     D:2: 373 daAuts
     D:4: 262 daAuts
     D:1: 213 daAuts
   Sewer: 108 daAuts
  Temple: 91 daAuts
